 Dungeon Crawl Stone Soup version 0.27.1-35-g4d5d836560 (webtiles) character file.

Game seed: 12756929790678373813

9710 Delamore the Slicer (level 11, -4/80 HPs)
             Began as an Octopode Brigand on May 19, 2022.
             Was an Initiate of Gozag.
             Killed by the air
             ... invoked by Gastronok
              (26 damage)
             ... on level 1 of the Lair of Beasts.
             The game lasted 00:17:38 (15664 turns).

Delamore the Slicer (Octopode Brigand)             Turns: 15664, Time: 00:17:39

Health: -4/80      AC:  3    Str: 10    XL:     11   Next: 50%
Magic:  11/11      EV: 25    Int: 14    God:    Gozag
Gold:   509        SH: 11    Dex: 24    Spells: 10/10 levels left

rFire    + . .     SeeInvis +   s - +4 dagger
rCold    . . .     Faith    .   F - +0 buckler
rNeg     + + +     Spirit   .   w - +2 hat
rPois    +         Reflect  +   o - amulet of reflection
rElec    .         Harm     .   l - ring of positive energy
rCorr    +         Rampage  .   x - ring of positive energy
Will     .....                  c - +4 ring of evasion
Stlth    +++++.....             R - ring "Gyifyiw" {rF+ rCorr Dex+7 SInv}
HPRegen  0.23/turn              S - ring of poison resistance
MPRegen  0.12/turn              P - ring of positive energy
                                (no ring)
                                (no ring)

@: slowed, studying Polearms, very slow
A: almost no armour, amphibious, 8 rings, camouflage 1, gelatinous body 1,
(nimble swimmer 1), tentacles
a: Renounce Religion, Potion Petition, Call Merchant, Bribe Branch


You were on level 1 of the Lair of Beasts.
You worshipped Gozag.
Gozag was pleased with you.
You visited 3 branches of the dungeon, and saw 11 of its levels.

You collected 2021 gold pieces.
You spent 729 gold pieces at shops.
You paid 783 gold pieces to Gozag.

Inventory:

Hand Weapons
 a - a +2 dagger
 n - a +0 rapier
 p - a +0 short sword
 s - a +4 dagger (weapon)
 J - a +2 short sword of speed
Missiles
 e - 3 silver boomerangs
 j - 11 boomerangs
 k - 284 stones
 I - 24 poisoned darts
 K - a throwing net
 L - 3 silver javelins (quivered)
Armour
 w - a +2 hat (worn)
 F - a +0 buckler (worn)
 M - a +2 tower shield
Jewellery
 c - a +4 ring of evasion (on tentacle)
 l - a ring of positive energy (left tentacle)
 o - an amulet of reflection (around mantle)
 x - a ring of positive energy (right tentacle)
 P - a ring of positive energy (on tentacle)
 R - the ring "Gyifyiw" (on tentacle) {rF+ rCorr Dex+7 SInv}
   (You bought it in a shop on level 9 of the Dungeon)

   [ring of resist corrosion]

   Dex:       It affects your dexterity (+7).
   rF:        It protects you from fire.
   SInv:      It lets you see invisible.
   rCorr:     It protects you from acid and corrosion.
 S - a ring of poison resistance (on tentacle)
Wands
 A - a wand of polymorph (8)
 D - a wand of flame (12)
 N - a wand of digging (6)
 O - a wand of iceblast (8)
Scrolls
 h - a scroll of noise
 q - 2 scrolls of teleportation
 t - a scroll of summoning {unknown}
 u - 2 scrolls of amnesia
 v - 2 scrolls of fog
 y - 2 scrolls of blinking
 G - a scroll of magic mapping
 H - 3 scrolls of fear
Potions
 b - a potion of curing
 d - a potion of degeneration {unknown}
 f - 8 potions of flight {unknown}
 g - a potion of resistance {unknown}
 i - 3 potions of brilliance {unknown}
 m - a potion of heal wounds {unknown}
 r - a potion of invisibility {unknown}
 z - a potion of haste
 C - 2 potions of attraction {unknown}
 E - a potion of mutation {unknown}
 Q - a potion of berserk rage {unknown}


   Skills:
 + Level 9.0 Fighting
 - Level 10.0 Short Blades
 - Level 6.0 Throwing
 + Level 9.0 Dodging
 + Level 6.6 Stealth
 - Level 4.0 Shields
 + Level 2.7 Evocations


You had 10 spell levels left.
You didn't know any spells.
Your spell library contained the following spells:

 Spells                   Type           Power      Damage    Failure   Level
 Call Canine Familiar     Summ           0%         N/A       65%         3
 Portal Projectile        Hex/Tloc       0%         N/A       65%         3
 Summon Guardian Golem    Hex/Summ       0%         N/A       65%         3
 Fulminant Prism          Conj/Hex       0%         3d6       96%         4
 Iskenderun's Mystic Bla  Conj/Tloc      0%         2d3       96%         4
 Leda's Liquefaction      Hex/Erth       0%         N/A       96%         4
 Lee's Rapid Deconstruct  Erth           0%         3d5*      100%        5
 Orb of Destruction       Conj           0%         N/A       100%        7
 Spellforged Servitor     Conj/Summ      0%         N/A       100%        7


Dungeon Overview and Level Annotations

Branches:
Dungeon (9/15)             Temple (1/1) D:5            Lair (1/6) D:8
    Orc: D:9-12

Altars:
Ashenzari
Cheibriados
Dithmenos
Elyvilon
Fedhas
Gozag
Hepliaklqana
Makhleb
Nemelex Xobeh
Okawaru
Ru
Sif Muna
Trog
Vehumet
Wu Jian
Yredelemnul
The Shining One

Shops:
D:5 [   D:9 =

Annotations:
Lair:1 Gastronok


Innate Abilities, Weirdness & Mutations

You cannot wear most types of armour.
You are amphibious.
You can wear up to eight rings at the same time.
Your skin changes colour to match your surroundings (Stealth+).
Your rubbery body absorbs attacks. (AC +1, EV +1)
((You are camouflaged near water. (Stealth+)))
You have tentacles for arms and can constrict up to eight enemies at once.


Message History

Gastronok is heavily wounded.
You throw a poisoned dart. The poisoned dart hits Gastronok.
Gastronok looks as sick as possible!
Gastronok is heavily wounded.
Gastronok waves his eye-stalks in wide circles.
The air twists around and strikes you!!
You throw a poisoned dart. The poisoned dart hits Gastronok.
Gastronok looks as sick as possible!
Gastronok is heavily wounded.
Aiming: Iceblast
Press: ? - help, Shift-Dir - straight line, f/p - Gastronok
Aim: Gastronok, wearing the +3 hat of Pondering {ponderous, Will+ MP+10 Int+5} (heavily wounded, extremely poisoned)
The mass of ice explodes!
The iceblast engulfs Gastronok!
Gastronok is heavily wounded.
The iceblast engulfs the fungus!
The fungus begins to die.
The fungus is lightly damaged.
You hear a shout!
Gastronok looks at you and mumbles some strange words.
You feel yourself slow down.
Throw: 4 javelins (silver)
Press: ? - help, Q - select action, (/) - cycle Shift-Dir - straight line, f/p - Gastronok
Aim: Gastronok, wearing the +3 hat of Pondering {ponderous, Will+ MP+10 Int+5} (severely wounded, extremely poisoned, 94% to hit)
You throw a silver javelin.
The silver javelin pierces through Gastronok but does no damage.
Gastronok is severely wounded.
You hit Gastronok.
Gastronok is severely wounded.
You hit Gastronok.
Gastronok is severely wounded.
A nearby fungus withers and dies.
You hit Gastronok. You squeeze Gastronok.
Gastronok is severely wounded.
Gastronok bites you!!!
* * * LOW HITPOINT WARNING * * *
Okay, then.
You feel better.
Gastronok waves his eye-stalks in wide circles.
The air twists around and strikes you!!
You die...
Your body crumbles into a pile of gold.

##.#.###....#.......#.#
#..#####....##+..P.#!.#
......................#
......................#
......................#
......................#
............#.###.###.##
..######....##..#####.P#
.......#.....w..@..##.##
......[......#.....##.#
.......#....###########
.......#....#
.......#(..(.#
..(....#...(##
.......#...(>
#P.#.#+#....# ......
.....#


You could see Gastronok (very poisoned).

Vanquished Creatures
  Erica (D:8)
  A two-headed ogre (D:9)
  A death yak (D:8)
  A cane toad (Lair:1)
  A komodo dragon (Lair:1)
  Maggie (D:8)
  Grinder (D:4)
  A troll (D:9)
  3 yaks (D:9)
  2 wyverns
  2 basilisks (D:8)
  A steam dragon (D:9)
  An acid dragon (D:9)
  5 water moccasins
  3 orc warriors
  An ice beast (D:8)
  2 sky beasts
  2 black bears
  3 ogres
  6 wolves (Lair:1)
  4 centaurs
  4 bullfrogs
  5 kobold brigands
  3 scorpions
  3 gnoll sergeants
  2 wyvern zombies
  A water moccasin zombie (D:7)
  A water moccasin skeleton (D:2)
  5 howler monkeys
  5 wights (D:8)
  3 centaur zombies
  6 hounds
  2 gnoll shamans
  A jelly (D:5)
  3 orc priests
  Crazy Yiuf (D:3)
  A bullfrog skeleton (D:5)
  2 scorpion zombies
  2 iguanas
  9 orc wizards
  3 howler monkey zombies
  A howler monkey skeleton (D:7)
  6 adders
  17 gnolls
  A shadow imp (D:5)
  3 worms
  2 dart slugs (D:3)
  30 orcs
  7 endoplasms
  3 giant cockroaches
  7 goblins
  4 hobgoblins
  5 jackals
  25 kobolds
  2 quokkas (D:1)
  5 ball pythons
  11 bats
  5 frilled lizards
  7 rats
246 creatures vanquished.

Vanquished Creatures (others)
  2 fungi (Lair:1)
  5 plants
7 creatures vanquished.

Grand Total: 253 creatures vanquished

Notes
Turn   | Place    | Note
-------+----------+-------------------------------------------
     0 | D:1      | Delamore the Octopode Brigand began the quest for the Orb.
     0 | D:1      | Reached XP level 1. HP: 14/14 MP: 1/1
   201 | D:1      | Reached XP level 2. HP: 19/19 MP: 2/2
   608 | D:1      | Reached skill level 3 in Short Blades
   610 | D:1      | Reached XP level 3. HP: 15/24 MP: 3/3
  1646 | D:2      | Found a faded altar of an unknown god.
  1740 | D:2      | Reached skill level 4 in Short Blades
  1740 | D:2      | Reached XP level 4. HP: 12/29 MP: 4/4
  2512 | D:3      | Reached XP level 5. HP: 8/34 MP: 5/5
  3456 | D:3      | Found a runed translucent door.
  3457 | D:3      | Noticed Crazy Yiuf
  3963 | D:3      | Reached skill level 5 in Short Blades
  4095 | D:3      | Killed Crazy Yiuf
  4096 | D:3      | Reached XP level 6. HP: 12/39 MP: 6/6
  4317 | D:3      | Identified a scroll of acquirement
  4318 | D:3      | Acquired 596 gold pieces
  4649 | D:4      | Noticed Grinder
  4665 | D:4      | Paralysed by Grinder for 5 turns
  4672 | D:4      | Killed Grinder
  4673 | D:4      | Reached skill level 6 in Short Blades
  4673 | D:4      | Reached XP level 7. HP: 13/45 MP: 7/7
  4864 | D:4      | Reached skill level 5 in Throwing
  5115 | D:4      | Reached skill level 7 in Short Blades
  5203 | D:4      | Found a blossoming altar of Fedhas.
  5516 | D:5      | Entered Level 5 of the Dungeon
  5696 | D:5      | Reached XP level 8. HP: 50/50 MP: 8/8
  6061 | D:5      | Found a staircase to the Ecumenical Temple.
  6103 | Temple   | Entered the Ecumenical Temple
  6338 | Temple   | Became a worshipper of Gozag Ym Sagoz the Greedy
  6451 | D:5      | Found a basalt altar of Yredelemnul.
  6462 | D:5      | Reached skill level 8 in Short Blades
  6891 | D:5      | Found Gevafa Quehy's Antique Armour Emporium.
  7026 | D:6      | Reached skill level 9 in Short Blades
  7641 | D:6      | Reached XP level 9. HP: 47/54 MP: 9/9
  7710 | D:6      | Reached skill level 10 in Short Blades
  9350 | D:7      | Reached skill level 1 in Shields
  9546 | D:7      | Found a bloodstained altar of Trog.
 10402 | D:7      | Found a glowing golden altar of the Shining One.
 11372 | D:8      | Noticed Maggie
 11385 | D:8      | Killed Maggie
 11386 | D:8      | Reached skill level 5 in Fighting
 11667 | D:8      | Reached XP level 10. HP: 47/66 MP: 10/10
 12059 | D:8      | Reached skill level 5 in Dodging
 12459 | D:8      | Noticed a death yak
 12485 | D:8      | Killed a death yak
 12514 | D:8      | Found a staircase to the Lair.
 12514 | D:8      | Noticed Erica
 12519 | D:8      | Killed Erica
 13484 | D:9      | Noticed a two-headed ogre
 13512 | D:9      | Killed a two-headed ogre
 13513 | D:9      | Reached XP level 11. HP: 77/77 MP: 11/11
 13544 | D:9      | Found an ornate altar of the Wu Jian Council.
 13688 | D:9      | Found a sparkling altar of Nemelex Xobeh.
 13883 | D:9      | Reached skill level 1 in Evocations
 14880 | D:9      | Bought the ring "Gyifyiw" {rF+ rCorr Dex+7 SInv} for 529
                  | gold pieces
 14880 | D:9      | Bought a ring of poison resistance for 200 gold pieces
 14944 | Lair:1   | Entered Level 1 of the Lair of Beasts
 15627 | Lair:1   | Noticed Gastronok
 15664 | Lair:1   | Killed from afar by Gastronok

Illustrated notes

Levels and vault maps discovered:
D:1:      dpeg_arrival_signposts, layout_rooms, hangedman_decor_push
D:2:      layout_rooms, ebering_ecumenical_altar_hall, minmay_hedge_maze
D:3:      minmay_bubble_buster, layout_basic, kennysheep_boxes,
          uniq_crazy_yiuf_cottage
D:4:      layout_cave_pools, lemuel_round_altar, uniq_grinder
D:5:      layout_cave_pods, lemuel_zombie_altar_yredelemnul,
          minmay_temple_entry_poolview, serial_shops, nicolae_lakefront_shop
D:6:      layout_basic, minmay_statues_item
D:7:      layout_layer_cave, mainiacjoe_overflow_tiny_flanked,
          nicolae_overflow_hidden_temple, overflow_temple_1_default
D:8:      minmay_general_purpose_star, layout_basic, david_lair_generic,
          uniq_maggie, uniq_erica
D:9:      layout_loops_ring, kennysheep_mini, amcnicky_altar_gilded
Temple:   minmay_temple_forest_path
Lair:1:   layout_regular_city, chequers_serial_rivers_micro_a,
          lemuel_centaur_altar, serial_bayou_shore_b, grunt_megastairs_1,
          uniq_gastronok

Skill      XL: |  1  2  3  4  5  6  7  8  9 10 11 |
---------------+----------------------------------+-----
Short Blades   | 3 4 5 6 7 9 10 | 10.0
Throwing       | 3 4 5 6 |  6.0
Dodging        | 4 8 9 |  9.0
Fighting       | 5 8 9 |  9.0
Shields        | 3 4 |  4.0
Evocations     | 2 |  2.7
Stealth        | 6 |  6.6

Action                   |  1- 3 |  4- 6 |  7- 9 | 10-12 || total
-------------------------+-------+-------+-------+-------++-------
Melee: Dagger            |    70 |   138 |   305 |   379 ||   892
       Constrict         |    13 |    26 |    57 |    47 ||   143
       Tentacles         |     7 |    21 |    75 |    95 ||   198
Throw: Boomerang         |       |     8 |    25 |    21 ||    54
       Dart              |       |     2 |    65 |    48 ||   115
       Stone             |       |       |    31 |       ||    31
       Throwing net      |       |       |     1 |     1 ||     2
       Javelin           |       |       |       |     1 ||     1
Invok: Call Merchant     |       |       |       |     1 ||     1
Evoke: Wand              |       |       |       |     3 ||     3
  Use: Potion            |       |     2 |     4 |     1 ||     7
       Scroll            |       |     3 |     4 |     3 ||    10
 Stab: Sleeping          |    11 |    10 |     6 |     8 ||    35
       Distracted        |       |     2 |     2 |     1 ||     5
       Held in net/web   |       |       |     1 |     2 ||     3
Armor: Skin              |     4 |    12 |    14 |    12 ||    42
Dodge: Dodged            |    34 |    57 |   103 |   120 ||   314
Block: Other             |       |    15 |    32 |       ||    47
       Buckler           |       |       |    34 |   101 ||   135
       Reflection        |       |       |     2 |     8 ||    10
